 Dungeon Crawl Stone Soup version 0.28.0 (webtiles) character file.

Game seed: 1892651320283187449

520 boopmooplesden the Chopper (level 7, -9/60 HPs)
             Began as a Minotaur Fighter on Feb 5, 2022.
             Was an Initiate of Okawaru.
             Mangled by Prince Ribbit (13 damage)
             ... on level 5 of the Dungeon.
             The game lasted 00:05:22 (2995 turns).

boopmooplesden the Chopper (Minotaur Fighter)       Turns: 2995, Time: 00:05:24

Health: -9/60      AC: 10    Str: 23    XL:     7   Next: 1%
Magic:  6/6        EV:  9    Int:  5    God:    Okawaru [......]
Gold:   180        SH:  4    Dex:  9    Spells: 6/6 levels left

rFire   + . .      SeeInvis .   a - +1 war axe
rCold   . . .      Faith    .   c - +0 buckler
rNeg    . . .      Spirit   .   b - +0 scale mail
rPois   .          Reflect  .   (helmet restricted)
rElec   .          Harm     .   (no cloak)
rCorr   .          Rampage  .   m - +0 pair of gloves
Will    .....                   e - +0 pair of boots
Stlth   ..........              (no amulet)
HPRegen 0.20/turn               g - ring of protection from fire
MPRegen 0.10/turn               (no ring)

@: mighty
A: horns 2, retaliatory headbutt
a: Renounce Religion


You were on level 5 of the Dungeon.
You worshipped Okawaru.
Okawaru was noncommittal.
You visited 1 branch of the dungeon, and saw 5 of its levels.

You collected 180 gold pieces.

Inventory:

Hand Weapons
 a - a +1 war axe (weapon)
 n - a +0 war axe
Missiles
 k - 3 boomerangs (quivered)
Armour
 b - a +0 scale mail (worn)
 c - a +0 buckler (worn)
 e - a +0 pair of boots (worn)
 m - a +0 pair of gloves (worn)
Jewellery
 g - a ring of protection from fire (left hand)
Potions
 f - a potion of ambrosia
 i - a potion of berserk rage
 j - a potion of degeneration {unknown}
 l - a potion of lignification {unknown}
 q - a potion of heal wounds {unknown}


   Skills:
 + Level 4.9 Fighting
 + Level 6.7 Axes
 + Level 5.8 Armour
 + Level 0.7 Dodging
 + Level 0.1 Stealth
 + Level 4.1 Shields


You had 6 spell levels left.
You didn't know any spells.
Your spell library contained the following spells:

 Spells                   Type           Power      Damage    Failure   Level
 Corpse Rot               Necr/Air       0%         N/A       94%         2
 Poisonous Vapours        Pois/Air       0%         N/A       94%         2


Dungeon Overview and Level Annotations

Branches:
Dungeon (5/15)
 Temple: D:4-7

Altars:
Okawaru
Qazlal
Ru
Yredelemnul
Zin

Shops:
D:4 *

Annotations:
D:5 Prince Ribbit


Innate Abilities, Weirdness & Mutations

You have a pair of horns on your head.
You reflexively headbutt those who attack you in melee.


Message History

Prince Ribbit is heavily wounded.
Prince Ribbit closely misses you.
You closely miss Prince Ribbit.
Prince Ribbit is heavily wounded.
You feel your willpower return. Prince Ribbit hits you!
Prince Ribbit hits you but does no damage.
You miss Prince Ribbit. Your headbutt misses Prince Ribbit.
Prince Ribbit is heavily wounded.
You slash the orc!
You kill the orc!
Okawaru accepts your kill. Prince Ribbit hits you!
* * * LOW HITPOINT WARNING * * *
You block Prince Ribbit's attack.
You are too injured to fight recklessly!
It was a potion of ambrosia.
You are confused.
You feel invigorated. Prince Ribbit hits you.
* * * LOW HITPOINT WARNING * * *
You feel less invigorated.
You feel less confused.
Prince Ribbit blinks!
Prince Ribbit blinks!
You block Prince Ribbit's attack.
You closely miss Prince Ribbit.
Prince Ribbit is heavily wounded.
Prince Ribbit hits you.
* * * LOW HITPOINT WARNING * * *
Prince Ribbit hits you but does no damage.
You feel very mighty all of a sudden. Prince Ribbit hits you.
* * * LOW HITPOINT WARNING * * *
You closely miss Prince Ribbit.
Prince Ribbit is heavily wounded.
Prince Ribbit sighs, "It's not easy being green!"
Prince Ribbit hits you!
* * * LOW HITPOINT WARNING * * *
Prince Ribbit hits you!
You die...

########
##......##
##.....$..##
#......(...#
#.......<..#
#..........#
#...<.<....#
#.......F@.#
##...[....####.
#..............#
#.......)..####.
#..............
............####
#............#
..##.....>...#
#.......#..


You could see Prince Ribbit.

Vanquished Creatures
  A necrophage (D:4)
  An ogre (D:4)
  A water moccasin skeleton (D:4)
  A howler monkey (D:4)
  A jelly (D:4)
  2 hounds
  An iguana (D:4)
  An orc wizard (D:4)
  A hound skeleton (D:4)
  An adder (D:3)
  An adder skeleton (D:4)
  3 worms
  A dart slug (D:3)
  5 orcs
  7 endoplasms
  7 giant cockroaches
  3 goblins
  9 hobgoblins
  7 kobolds
  6 quokkas
  9 ball pythons
  7 bats
  3 frilled lizards (D:1)
  4 rats
83 creatures vanquished.

Vanquished Creatures (others)
  A plant (D:1)
1 creature vanquished.

Grand Total: 84 creatures vanquished

Notes
Turn   | Place    | Note
-------+----------+-------------------------------------------
     0 | D:1      | boopmooplesden the Minotaur Fighter began the quest for the
                  | Orb.
     0 | D:1      | Reached XP level 1. HP: 19/19 MP: 0/0
   177 | D:1      | Reached XP level 2. HP: 27/27 MP: 1/1
   598 | D:2      | Reached XP level 3. HP: 33/33 MP: 2/2
   663 | D:2      | Reached skill level 3 in Axes
  1518 | D:3      | Reached skill level 4 in Axes
  1518 | D:3      | Reached XP level 4. HP: 40/40 MP: 3/3
  1551 | D:3      | Found a glowing silver altar of Zin.
  1852 | D:3      | Found a sacrificial altar of Ru.
  2070 | D:3      | Found a faded altar of an unknown god.
  2158 | D:4      | Reached skill level 5 in Axes
  2158 | D:4      | Reached XP level 5. HP: 41/47 MP: 4/4
  2187 | D:4      | Noticed a necrophage
  2191 | D:4      | Killed a necrophage
  2292 | D:4      | Reached XP level 6. HP: 48/53 MP: 5/5
  2299 | D:4      | Found Yraotoza's General Store.
  2347 | D:4      | Reached skill level 5 in Armour
  2348 | D:4      | Reached skill level 6 in Axes
  2629 | D:4      | Found an iron altar of Okawaru.
  2632 | D:4      | Found a basalt altar of Yredelemnul.
  2632 | D:4      | Found a stormy altar of Qazlal.
  2637 | D:4      | Became a worshipper of Warmaster Okawaru
  2751 | D:4      | Reached XP level 7. HP: 58/60 MP: 6/6
  2975 | D:5      | Entered Level 5 of the Dungeon
  2975 | D:5      | Noticed Prince Ribbit
  2995 | D:5      | Mangled by Prince Ribbit

Illustrated notes

Levels and vault maps discovered:
D:1:      dpeg_arrival_pond, layout_rooms, serial_bayou_crossing
D:2:      layout_loops_ring, dk_vineyard_3, minmay_misc_feat_doors
D:3:      layout_basic, nicolae_ru_awakened_eye, nicolae_overflow_hidden_temple,
          dilly_ecumenical_altar_fadedgnrine, corexii_shack
D:4:      layout_rooms, grunt_temple_overflow_open, serial_shops,
          nicolae_shop_waterfront
D:5:      layout_rooms, grunt_ministairs_14, nicolae_underground_beach,
          uniq_prince_ribbit1

Skill      XL: |  1  2  3  4  5  6 |
---------------+-------------------+-----
Fighting       | 4 |  4.9
Armour         | 4 5 |  5.8
Axes           | 4 5 6 |  6.7
Shields        | 4 |  4.1
Dodging        | |  0.7
Stealth        | |  0.1

Action                   |  1- 3 |  4- 6 |  7- 9 || total
-------------------------+-------+-------+-------++-------
Melee: War axe           |    97 |    73 |     9 ||   179
       Headbutt          |     9 |    12 |       ||    21
Throw: Boomerang         |       |     2 |       ||     2
  Use: Scroll            |     3 |     3 |     3 ||     9
       Potion            |       |     1 |     2 ||     3
Armor: Scale mail        |    49 |    26 |     4 ||    79
Dodge: Dodged            |    51 |    30 |     2 ||    83
Block: Buckler           |    21 |    18 |     3 ||    42
